 Dungeon Crawl Stone Soup version 0.25-a0-317-g5f8687bca5 (webtiles) character file.

Game seed: 17333512060421677967, levelgen mode: deterministic

3740 Lanoc the Geomancer (level 9, -5/68 HPs)
             Began as a Deep Dwarf Earth Elementalist on Dec 25, 2019.
             Was an Elder of Qazlal.
             Slain by an orc warlord
             ... wielding a +0 war axe
              (22 damage)
             ... in a bailey on Dec 26, 2019.
             The game lasted 00:21:06 (6179 turns).

Lanoc the Geomancer (Deep Dwarf Earth Elementalist) Turns: 6179, Time: 00:21:07

Health: -5/68      AC:  3    Str: 11      XL:     9   Next: 93%
Magic:  5/13       EV: 16    Int: 20      God:    Qazlal [****..]
Gold:   324        SH:  5    Dex: 11 (13) Spells: 0/11 levels left

rFire    . . .     SeeInvis .   n - +2 hand axe (freeze)
rCold    . . .     Gourm    +   (no shield)
rNeg     . . .     Faith    .   c - +0 robe
rPois    .         Spirit   .   (no helmet)
rElec    .         Reflect  .   (no cloak)
rCorr    .         Harm     .   p - +0 pair of gloves
MR       +....                  (no boots)
Stlth    ++........             q - amulet of the gourmand
HPRegen  0.00/turn              o - ring of stealth
MPRegen  0.13/turn              (no ring)

@: non-regenerating, repel missiles
A: damage resistance, heal wounds, sense surroundings 2, no regeneration
a: Heal Wounds, Upheaval, Elemental Force, Renounce Religion


You were in a bailey.
You worshipped Qazlal.
Qazlal was greatly pleased with you.
You were not hungry.

You visited 2 branches of the dungeon, and saw 9 of its levels.
You also visited: Bailey.

You collected 324 gold pieces.

Inventory:

Hand Weapons
 b - the +1 glaive of Xafargh {chop, rC+}
   (You acquired it on level 8 of the Dungeon)

   It inflicts extra damage upon your enemies.
   It protects you from cold.
 n - a +2 hand axe of freezing (weapon)
Missiles
 a - 80 bolts
 g - 16 stones
 k - 28 boomerangs (quivered)
Armour
 c - a +0 robe (worn)
 p - a +0 pair of gloves (worn)
Jewellery
 o - a ring of stealth (left hand)
 q - an amulet of the gourmand (around neck)
Wands
 x - a wand of random effects (18)
Scrolls
 i - a scroll of remove curse {unknown}
 j - 3 scrolls of teleportation
 l - 5 scrolls of identify
 r - a scroll of fear {unknown}
 u - 3 scrolls of amnesia
 w - a scroll of magic mapping {unknown}
Potions
 e - 4 potions of curing
 f - 2 potions of agility
 h - a potion of cancellation {unknown}
 s - a potion of heal wounds
 t - a potion of mutation {unknown}
Comestibles
 d - 8 rations


   Skills:
 + Level 8.2 Dodging
 - Level 2.4 Stealth
 - Level 1.7 Spellcasting
 - Level 0.8 Transmutations
 * Level 13.3 Earth Magic
 + Level 8.9 Invocations


You couldn't memorise any spells.
You knew the following spells:

 Your Spells              Type           Power        Failure   Level  Hunger
a - Sandblast             Erth           ######       1%          1    #......
b - Passwall              Tmut/Erth      ####....     1%          2    ###....
c - Stone Arrow           Conj/Erth      ####..       3%          3    ###....
d - Lee's Rapid Deconstr  Erth           ######....   1%          5    ######.

Your spell library contained the following spells:

 Spells                   Type           Power        Failure   Level  Hunger
 Petrify                  Tmut/Erth      ####....     9%          4    #####..


Dungeon Overview and Level Annotations

Branches:
Dungeon (8/15)             Temple (1/1) D:6          Bailey (1/1)
   Lair: D:8-11

Altars:
Ashenzari
Cheibriados
Dithmenos
Elyvilon
Fedhas
Gozag
Hepliaklqana
Kikubaaqudgha
Makhleb
Nemelex Xobeh
Okawaru
Qazlal
Ru
Sif Muna
Trog
Uskayaw
Vehumet
Wu Jian
Xom
Yredelemnul
Zin
The Shining One

Shops:
D:4 *


Innate Abilities, Weirdness & Mutations

You are resistant to damage.
You can heal yourself by infusing magical energy.
You passively map the area around you.
You do not regenerate.


Message History

Things that are here:
a +0 hand axe; a +0 leather armour
Things that are here:
a +4 hand axe; a +0 leather armour
There is an open door here.
The orc warlord is engulfed in freezing vapours.
There is an open door here.
The orc warlord is engulfed in freezing vapours.
Casting: Lee's Rapid Deconstruction (safe; 1% risk of failure)
Confirm with . or Enter, or press ? or * to list all spells.
Aiming: Lee's Rapid Deconstruction (safe; 1% risk of failure)
Press: ? - help, Dir - move target cursor A stone wall.
The wall shatters!
The blast of rock fragments hits the orc warlord!!
The orc warlord is heavily wounded.
The orc warlord hits you with a +0 war axe!
* * * LOW HITPOINT WARNING * * *
The orc warlord hits you with a +0 war axe!!
You die...

#...## ##...## .....##
##.....##
......#######.......##
8..8...........8..8..##
.............§........#
.............g○§......#
8......#)''#...°.☼8...#
....####≈≈≈####o..☼..##
....#≈≈≈≈≈≈≈≈≈#.@...##♣
....#≈.8...8.≈#....##.♣
##'###.......###'###..♣♣
≈≈g#≈≈.8...8.≈≈#.≈≈≈...♣
≈≈.#≈.........≈#.≈≈≈...♣*
≈≈.#≈....∩....≈#.≈≈≈...∩
≈≈.##.........##.≈≈≈(.(♣
≈≈.#≈..8...8..≈#.≈≈≈(..♣
##'#≈.........≈#)###(.♣♣


You could see an orc warlord and a gnoll.

Vanquished Creatures
  Joseph (D:8)
  Sigmund (D:5)
  A wyvern (D:8)
  3 water moccasins
  2 sky beasts
  2 orc warriors (Bailey)
  2 ice beasts (D:7)
  A phantom (D:5)
  4 ogres
  4 centaurs
  4 bullfrogs
  A howler monkey (D:5)
  A bullfrog zombie (D:8)
  A centaur zombie (D:5)
  5 crimson imps
  A quasit (D:8)
  2 orc priests (D:4)
  5 hounds
  3 orc wizards
  A bullfrog skeleton (D:5)
  2 iguanas (D:7)
  Natasha (thrice) (D:3)
  8 worker ants
  2 howler monkey zombies (D:7)
  11 adders
  2 gnolls
  3 shadow imps
  2 oozes
  An adder zombie (D:7)
  3 worms
  An adder skeleton (D:7)
  3 dart slugs
  2 leopard geckos (D:1)
  18 orcs
  2 ball pythons
  4 bats
  9 giant cockroaches
  15 goblins
  14 hobgoblins
  6 jackals
  7 quokkas
  5 frilled lizards
  2 jackal skeletons (D:4)
  18 kobolds
  A quokka skeleton (D:7)
  2 rats
191 creatures vanquished.

Notes
Turn   | Place    | Note
-------+----------+-------------------------------------------
     0 | D:1      | Lanoc the Deep Dwarf Earth Elementalist began the quest for
                  | the Orb.
     0 | D:1      | Reached XP level 1. HP: 15/15 MP: 3/3
     2 | D:1      | Noticed a felid
     2 | D:1      | Noticed a spriggan
     4 | D:1      | Noticed a centaur
     4 | D:1      | Noticed a gargoyle
     6 | D:1      | Noticed an ogre
     6 | D:1      | Noticed a draconian
     8 | D:1      | Noticed an elf
     8 | D:1      | Noticed an octopode
    10 | D:1      | Noticed a demonspawn
    12 | D:1      | Noticed a minotaur
    12 | D:1      | Noticed a vine stalker
    14 | D:1      | Noticed a formicid
    14 | D:1      | Noticed a naga
    16 | D:1      | Noticed a dwarf
    16 | D:1      | Noticed a merfolk
    18 | D:1      | Noticed a human
    18 | D:1      | Noticed a troll
    22 | D:1      | Noticed a halfling
    24 | D:1      | Noticed a demigod
    24 | D:1      | Noticed a vampire
    27 | D:1      | Noticed a ghoul
    27 | D:1      | Noticed a tengu
   355 | D:1      | Reached XP level 2. HP: 14/22 MP: 0/4
   526 | D:1      | Reached skill level 5 in Earth Magic
   651 | D:1      | Reached XP level 3. HP: 13/28 MP: 3/5
   915 | D:2      | Found a faded altar of an unknown god.
   917 | D:2      | Became a worshipper of Qazlal Stormbringer
   917 | D:2      | Reached * piety under Qazlal
  1102 | D:2      | Reached XP level 4. HP: 22/36 MP: 6/6
  1312 | D:2      | Reached skill level 6 in Earth Magic
  1347 | D:2      | Reached skill level 1 in Invocations
  1352 | D:2      | Learned a level 2 spell: Passwall
  1356 | D:2      | Learned a level 3 spell: Stone Arrow
  1777 | D:3      | Found a sparkling altar of Nemelex Xobeh.
  1780 | D:3      | Found a glowing golden altar of the Shining One.
  1780 | D:3      | Found a snail-covered altar of Cheibriados.
  1811 | D:3      | Noticed Natasha
  1817 | D:3      | Killed Natasha
  1817 | D:3      | Reached XP level 5. HP: 18/42 MP: 1/7
  1832 | D:3      | Reached ** piety under Qazlal
  1894 | D:3      | Found a stormy altar of Qazlal.
  1895 | D:3      | Noticed Natasha
  1897 | D:3      | Killed Natasha
  1914 | D:3      | Noticed Natasha
  1918 | D:3      | Killed Natasha
  2431 | D:4      | Reached skill level 7 in Earth Magic
  2520 | D:4      | Noticed an ogre
  2527 | D:4      | Killed an ogre
  2527 | D:4      | Reached XP level 6. HP: 30/49 MP: 5/8
  2554 | D:4      | Found Cozolul's Serpentskin Sales.
  2554 | D:4      | Noticed a water moccasin
  2554 | D:4      | Noticed a water moccasin
  2562 | D:4      | Killed a water moccasin
  2569 | D:4      | Killed a water moccasin
  2569 | D:4      | Reached skill level 8 in Earth Magic
  2569 | D:4      | Reached XP level 7. HP: 34/55 MP: 4/9
  2878 | D:4      | Reached skill level 5 in Dodging
  3279 | D:5      | Entered Level 5 of the Dungeon
  3368 | D:5      | Reached skill level 9 in Earth Magic
  3444 | D:5      | Reached skill level 5 in Invocations
  3714 | D:5      | Reached XP level 8. HP: 15/62 MP: 8/12
  3834 | D:5      | Found a shadowy altar of Dithmenos.
  3902 | D:5      | Reached skill level 10 in Earth Magic
  4024 | D:5      | Noticed Sigmund
  4027 | D:5      | Killed Sigmund
  4116 | D:6      | Found a staircase to the Ecumenical Temple.
  4189 | D:6      | Reached *** piety under Qazlal
  4197 | Temple   | Entered the Ecumenical Temple
  4437 | D:6      | Reached skill level 11 in Earth Magic
  4681 | D:7      | Gained mutation: You passively map the area around you.
                  | [Deep Dwarf growth]
  4681 | D:7      | Reached XP level 9. HP: 41/68 MP: 0/12
  4721 | D:7      | Learned a level 5 spell: Lee's Rapid Deconstruction
  5161 | D:7      | Reached skill level 12 in Earth Magic
  5617 | D:8      | Identified a scroll of acquirement
  5618 | D:8      | Got an ancient glaive
  5619 | D:8      | Identified the +1 glaive of Xafargh {chop, rC+} (You
                  | acquired it on level 8 of the Dungeon)
  5624 | D:8      | Reached **** piety under Qazlal
  5631 | D:8      | Noticed Joseph
  5646 | D:8      | Found a flagged portal.
  5656 | D:8      | Killed Joseph
  5656 | D:8      | Reached skill level 13 in Earth Magic
  5678 | Bailey   | Entered a bailey
  5705 | Bailey   | Noticed an orc warlord
  5706 | Bailey   | Found the ring of Phasing {EV+8}
  5971 | Bailey   | Found a runed translucent gate.
  5972 | Bailey   | Found a runed translucent gate.
  5973 | Bailey   | Found a runed translucent gate.
  6179 | Bailey   | Slain by an orc warlord

Levels and vault maps discovered:
D:1:      kb_arrival_jail, layout_loops_ring, minmay_tromino_i4
D:2:      layout_basic, chequers_ecumenical_altar_twisty, minivault_14,
          chequers_serial_rivers_large_b, minmay_misc_feat_hallway
D:3:      layout_rooms, chequers_temple_overflow_statue_of_worship, uniq_natasha
D:4:      layout_basic, guppyfry_shop_venom
D:5:      layout_loops_ring, first_ration, minmay_misc_feat_cross, st_stairs_3,
          nicolae_dithmenos_the_darkroom, uniq_sigmund
D:6:      layout_cave_pools, minmay_temple_entry_statues, st_stairs_7,
          minmay_ogre_servants
D:7:      layout_basic
D:8:      layout_cave_pools, enter_bailey_3, uniq_joseph
Temple:   regret_index_temple_mists
Bailey:   bailey_axe_bossmonster_kennysheep, bailey

Skill      XL: |  1  2  3  4  5  6  7  8  9 |
---------------+----------------------------+-----
Earth Magic    | 5 6 7 8 9 11 13 | 13.3
Dodging        | 3 4 5 6 8 |  8.2
Invocations    | 1 2 3 5 7 8 |  8.9
Stealth        | |  2.4
Spellcasting   | |  1.7
Transmutations | |  0.8

Action                   |  1- 3 |  4- 6 |  7- 9 || total
-------------------------+-------+-------+-------++-------
Melee: Hand axe          |    49 |    65 |   228 ||   342
       Unarmed           |     1 |       |       ||     1
Throw: Boomerang         |       |       |    18 ||    18
       Stone             |       |       |     1 ||     1
 Cast: Sandblast         |    31 |    28 |    47 ||   106
       Stone Arrow       |       |     9 |    47 ||    56
       Lee's Rapid Decon |       |       |     7 ||     7
 Abil: Heal Wounds       |     1 |     2 |    10 ||    13
  Use: Potion            |       |     2 |     9 ||    11
       Scroll            |       |       |     5 ||     5
 Stab: Sleeping          |     4 |       |       ||     4
  Eat: Chunk             |     1 |     6 |    26 ||    33
Armor: Robe              |     6 |    17 |    45 ||    68
Dodge: Dodged            |    31 |    66 |   311 ||   408
       Deflected         |       |       |     9 ||     9
Block: Other             |     3 |     8 |    77 ||    88

Table legend:
 A = Non-vault XP
 B = Vault XP
 C = Vault XP percentage of total XP
 D = Non-vault monster count
 E = Vault monster count
 F = Vault count percentage of total count
                 A         B        C        D         E       F
            +---------+---------+-------+---------+---------+-------
      Total |    3879 |    1465 |  27.4 |     149 |      42 |  22.0
            +---------+---------+-------+---------+---------+-------
        D:1 |      36 |      11 |  23.4 |      19 |       4 |  17.4
        D:2 |     114 |       0 |   0.0 |      30 |       0 |   0.0
        D:3 |     113 |      36 |  24.2 |      11 |       1 |   8.3
        D:4 |     368 |     302 |  45.1 |      23 |       2 |   8.0
        D:5 |     633 |     275 |  30.3 |      16 |       3 |  15.8
        D:6 |     453 |      79 |  14.8 |      11 |       2 |  15.4
        D:7 |    1170 |       0 |   0.0 |      26 |       0 |   0.0
        D:8 |     959 |     446 |  31.7 |      12 |       5 |  29.4
     Temple |      33 |       0 |   0.0 |       1 |       0 |   0.0
     Bailey |       0 |     316 | 100.0 |       0 |      25 | 100.0
            +---------+---------+-------+---------+---------+-------
